Workbook

Sheet Cover
A1: Health Results Based Financing Impact Evaluation | BE1: IDENTIFIER
A2: THE GAMBIA | BE2: HEALTH REGION | BK2: HF NUMBER
A3: 2014
A4: Health Facility Questionnaire
A5: F1 - Health Facility Assessment Questionnaire
D8: LGA NAME | P8: LGA CODE | W8: DISTRICT NAME | AI8: DISTRICT CODE | AP8: VILLAGE NAME | BA8: VILLAGE CODE
C12: GPS COORDINATES OF HEALTH FACILITY
C14: LATITUDE (NORTH) | R14: .
C17: LONGITUDE (EAST) | D17: LONGITUDE (EAST) | R17: .
AU20: RESULT OF THE INTERVIEW | BA20: INTERVIEW DONE | BQ20: 1
BA21: PARTIALLY COMPLETED | BQ21: 2
A22: NAME OF HEALTH FACILITY | O22: LOCATION OF HEALTH FACILITY | BA22: PERSON IN CHARGE REFUSED INTERVIEW | BQ22: 3
BA23: PERSON IN CHARGE IS OUT (STAFF THAT IS PRESENT IS NOT AUTHORIZED) | BQ23: 4
BA24: FACILITY IS EMPTY (NO STAFF MEMBERS) | BQ24: 5
BA25: HEALTH FACILITY NOT FOUND | BQ25: 6
A26: TYPE OF HEALTH FACILITY | O26: 1 Public Health Center | BA26: OTHER, SPECIFY: | BQ26: 96
O27: 2 Pubic Hospital
AU28: Translator Used? | AZ28: NEVER | BE28: 1
A29: INTERVIEWER | R29: CODE | X29: VISIT 1 | Y29: DAY | AC29: MONTH | AG29: YEAR | AZ29: SOMETIMES | BE29: 2
AZ30: ALWAYS | BE30: 3
X32: VISIT 2 | Y32: DAY | AC32: MONTH | AG32: YEAR
AU33: LANGUAGE
AU34: ENGLISH | BA34: 1 | BC34: FULA | BI34: 4
X35: VISIT 3 | Y35: DAY | AC35: MONTH | AG35: YEAR | AU35: MANDINKA | BA35: 2 | BC35: JOLA | BI35: 5
AU36: WOLOF | BA36: 3 | BC36: SERER | BI36: 6
BC37: OTHER, SPECIFY: | BI37: 96
A42: SUPERVISOR | N42: CODE | T42: DAY | X42: MONTH | AB42: YEAR

Sheet 1General
A1: =-1 -> -1 | B1: General Information
A2: (A) | B2: General
A3: RESPONDENT: HEAD OF THE HEALTH FACILITY OR HIS/HER DEPUTY IF ABSENT OR UNAVAILABLE.
A4: =A1-0.01 -> -1.01 | B4: Are you in charge of this facility today? | C4: YES | E4: 1
C5: NO | E5: 2
A6: =A4-0.01 -> -1.02 | B6: Are you authorized to represent this facility? | C6: YES | E6: 1
C7: NO | E7: 2
A8: =A6-0.01 -> -1.03 | B8: What is your job title at this facility? | C8: Doctor or medical officer | E8: 1
C9: Clinical officer | E9: 2
C10: Hospital administrator/ Executive director | E10: 3
C11: Nurse (SEN/SRN) | E11: 4
C12: Midwife (SCM/SEM) | E12: 5
C13: Pharmacist | E13: 6
C14: Public Health Officer | E14: 7
C15: Nursing assistant | E15: 8
C16: Pharmacy technician/Dispenser | E16: 9
C17: Lab technologist | E17: 10
C18: Lab technician | E18: 11
C19: Other, specify: | E19: 96
A20: =A8-0.01 -> -1.04 | B20: Is this facility a district hospital, a health center? | C20: District hospital | E20: 1
C21: Major Health Center | E21: 2
C22: Minor Health Center | E22: 3
A24: =A20-0.01 -> -1.05 | B24: In what year was the facility commissioned? INTERVIEWER: RECORD YEAR IN YYYY FORMAT (E.G. 1941).
A25: =A24-0.01 -> -1.06 | B25: When was the last major investment in the infrastructure? INTERVIEWER: RECORD MONTH AND YEAR. INCLUDE MAJOR PAINTING, PLUMBING, EXTENSIONS TO THE BUILDING, ETC. | C25: a. | D25: MONTH MM
C26: b. | D26: YEAR YYYY
D27: IF INVESTMENT WAS OVER MORE THAN ONE YEAR, ONLY RECORD THE MOST RECENT YEAR OF INVESTMENT
A28: =A25-0.01 -> -1.07 | B28: Does this facility provide care round-the-clock (i.e. 24 hours)? | C28: YES, FORMALLY/ OFFICIALLY | E28: 1 | F28: ► | G28: =A39 -> -1.1
C29: YES, INFORMALLY/ IN PRACTICE | E29: 2 | F29: ► | G29: =A39 -> -1.1
C30: NO | E30: 3
A31: =A28-0.01 -> -1.08 | B31: At what time of the day does outpatient care start? | C31: a. | D31: Weekdays
B32: INTERVIEWER: RECORD IN MILITARY TIME THROUGHOUT. E.G. IF IT STARTS AT 7AM, RECORD 0700. IF IT STARTS AT 7PM, RECORD 1900. | C32: b. | D32: Saturday
C33: c. | D33: Sunday
C34: d. | D34: Holidays
A35: =A31-0.01 -> -1.09 | B35: At what time does outpatient care end? | C35: a. | D35: Weekdays
B36: INTERVIEWER: RECORD IN MILITARY TIME THROUGHOUT. E.G. IF IT ENDS AT 7AM, RECORD 0700. IF IT ENDS AT 7PM, RECORD 1900. | C36: b. | D36: Saturday
C37: c. | D37: Sunday
C38: d. | D38: Holidays
A39: =A35-0.01 -> -1.1 | B39: On what days does the facility offer antenatal care clinics, and for how many hours on those days? | C39: a. | D39: Monday
C40: b. | D40: Tuesday
C41: c. | D41: Wednesday
B42: INTERVIEWER: FOR EACH DAY, RECORD THE NUMBER OF HOURS THE SERVICE IF OFFERED. IF SERVICE IS NOT OFFERED THAT DAY, RECORD "00". | C42: d. | D42: Thursday
C43: e. | D43: Friday
C44: f. | D44: Saturday
C45: g. | D45: Sunday
A46: =A39-0.01 -> -1.11 | B46: On what days does the facility offer under 5 clinics, and for how many hours on those days? | C46: a. | D46: Monday
C47: b. | D47: Tuesday
C48: c. | D48: Wednesday
B49: INTERVIEWER: FOR EACH DAY, RECORD THE NUMBER OF HOURS THE SERVICE IF OFFERED. IF SERVICE IS NOT OFFERED THAT DAY, RECORD "00". | C49: d. | D49: Thursday
C50: e. | D50: Friday
C51: f. | D51: Saturday
C52: g. | D52: Sunday
A53: =A46-0.01 -> -1.12 | B53: What are the three main sources of funding or income (in the sense of incoming cash) for this facility? | C53: a. | D53: MOHSW / REGIONAL HEALTH MANAGEMENT TEAM
C54: b. | D54: USER FEES
C55: c. | D55: DRUG SALES
B56: INTERVIEWER: DO NOT READ OPTIONS ALOUD. FOR EACH OF THE 3 SOURCES OF FUNDING CITED BY THE RESPONDENT (AND 3 ONLY), RECORD "1" | C56: d. | D56: FAITH BASED ORGANIZATIONS
C57: e. | D57: PRIVATE COMPANY
C58: f. | D58: DONOR
C59: g. | D59: INSURANCE PAYMENTS
C60: h. | D60: OTHER, SPECIFY:
A61: =A53-0.01 -> -1.13 | B61: Can you please tell me the amount received from each of the following sources in 2013 in Dalasi? | C61: a. | D61: MOHSW / REGIONAL HEALTH MANAGEMENT TEAM
C62: b. | D62: USER FEES
C63: c. | D63: DRUG SALES
C64: d. | D64: FAITH BASED ORGANIZATIONS
B65: INTERVIEWER: FOR EACH SOURCE, NOT ONLY THE 3 MAIN ONES, RECORD AMOUNT RECEIVED IN DALASI. IF ZERO, RECORD "0000". | C65: e. | D65: PRIVATE COMPANY
C66: f. | D66: DONOR
C67: g. | D67: INSURANCE PAYMENTS
C68: h. | D68: OTHER, SPECIFY:
A69: =A61-0.01 -> -1.14 | B69: ="Can you please tell me the total amount received in 2013 in DALASI INTERVIEWER: CONFIRM THE TOTAL AMOUNT STATED MATCHES THE SUM OF AMOUNTS STATED IN (" & -A61 & "). IF NOT, PROBE ON (" & -A61 & ") AND ADJUST UNTIL YOU OBTAIN MATCHING AMOUNTS. IF ZERO, RECORD '0000'." -> Can you please tell me the total amount received in 2013 in DALASI INTERVIEWER: CONFIRM THE TOTAL AMOUNT STATED MATCHES THE SUM OF AMOUNTS STATED IN (1.13). IF NOT, PROBE ON (1.13) AND ADJUST UNTIL YOU OBTAIN MATCHING AMOUNTS. IF ZERO, RECORD '0000'. | C69: DALASI
A70: =A69-0.01 -> -1.15 | B70: INTERVIEWER: SOURCE OF INFORMATION CONSULTED TO OBTAIN BUDGET FIGURES | C70: OFFICIAL ACCOUNTS | E70: 1
C71: FACILITY RECORDS | E71: 2
C72: NO SOURCE: ORAL REPORT | E72: 3
C73: OTHER, SPECIFY: | E73: 96
A74: =A70-0.01 -> -1.16 | B74: Can you please tell me whether the facility paid out any performance bonuses or salary top ups to staff in 2013, in addition to salary/regular allowances? | C74: YES | E74: 1
C75: NO | E75: 2 | F75: ► | G75: =A84 -> -1.19
A76: =A74-0.01 -> -1.17 | B76: How much did the facility pay for performance bonuses or salary top ups to staff in 2013 in Dalasi? | C76: DALASI
A77: =A76-0.01 -> -1.18 | B77: Who is eligible to receive pay for performance bonuses? | C77: All Staff | E77: 1
C78: All Medical Staff | E78: 2
C79: All Permanent Technical Staff (eg, contract staff not eligible) | E79: 3
C80: Staff performing MCH services | E80: 4
C81: Staff performing deiveries | E81: 5
C82: Staff providing care for Under-5's | E82: 6
C83: OTHER, SPECIFY: | E83: 96
A84: =A76-0.02 -> -1.19 | B84: INTERVIEWER: SOURCE OF INFORMATION CONSULTED TO OBTAIN RBF EXPENSE FIGURES | C84: RBF MONITORING SYSTEM | E84: 1
C85: OTHER FACILITY RECORD | E85: 2
C86: NO SOURCE: ORAL REPORT | E86: 3
C87: OTHER, SPECIFY: | E87: 96
A88: =A84-0.01 -> -1.2 | B88: What is the primary source of electricity? | C88: Electrical mains/grid/NAWEC | E88: 1
C89: Generator | E89: 2
C90: Solar | E90: 3
C91: No source of electricity | E91: 4 | F91: ► | G91: =A96 -> -1.23
C92: Other, specify: ___________________________) | E92: 96
A93: =A88-0.01 -> -1.21 | B93: Were there any electric power outages in the last 7 days? | C93: YES | E93: 1
C94: NO | E94: 2 | F94: ► | G94: =A96 -> -1.23
A95: =A93-0.01 -> -1.22 | B95: How many hours was electric power missing in the last 7 days? | C95: MAXIMUM 168 HOURS
A96: =A95-0.01 -> -1.23 | B96: What is the primary source of water? | C96: Piped into Facility | E96: 1
C97: Piped into Yard/Plot | E97: 2
C98: Public tap/Standpipe | E98: 3
C99: Protected well | E99: 4
C100: Unprotected well | E100: 5
C101: Unprotected spring | E101: 6
...

Sheet 2Admin
A1: =-2 -> -2 | B1: Administration and Management
A2: RESPONDENT: HEAD OF THE HEALTH FACILITY OR HIS/HER DEPUTY IF ABSENT OR UNAVAILABLE.
A3: =A1-0.01 -> -2.01 | B3: Is there a Hospital/Health Center Executive Committee for this health facility? | C3: YES | E3: 1
C4: NO | E4: 2 | F4: ► | G4: =A41 -> -2.08
A5: =A3-0.01 -> -2.02 | B5: How many members are on this Committee?
A6: =A5-0.01 -> -2.03 | B6: Is there a representation of any of the following on this Committee? | C6: a. | D6: Health facility director/head
C7: b. | D7: Health facility staff
B8: INTERVIEWER: READ ALL OPTIONS ALOUD. FOR EACH OPTION, RECORD "1" IF YES, "2" IF NO. | C8: c. | D8: Catchment Area Committees (CACs)
C9: d. | D9: Community Health Workers
C10: e. | D10: MOHSW/ Regional Health Management Team
C11: f. | D11: Non Governmental Organization staff
C12: g. | D12: Other, specify:
A13: =A6-0.01 -> -2.04 | B13: In the last 12 months, how many Hospital/Health Center Executive Committee meetings were held?
A14: =A13-0.01 -> -2.05 | B14: Does the facility have written records of the Hospital/Health Center Executive Committee meetings (minutes, decisions, etc.)? | C14: YES, SEEN | E14: 1
C15: YES, NOT SEEN | E15: 2
C16: NO | E16: 3
A17: =A14-0.01 -> -2.06 | B17: What initiatives were taken by the Hospital/Health Center Executive Committee and implemented in the last 12 months? | C17: a. | D17: ADMINISTRATIVE SUPPORT TO FACILITY, E.G. APPROVING PAYMENTS
C18: b. | D18: PROVIDED NEW SUPPLIES OR EQUIPMENT
C19: c. | D19: PROVIDED NEW INFRASTRUCTURE
C20: d. | D20: PROVIDED REPAIRS TO FACILITY
B21: INTERVIEWER: DO NOT READ OPTIONS ALOUD. FOR EACH OPTION, RECORD "1" IF MENTIONED, "2" IF NOT MENTIONED. | C21: e. | D21: PROVIDED DRUGS
C22: f. | D22: SENSITIZATION / MOBILIZED COMMUNITY TO USE THE HEALTH FACILITY
C23: g. | D23: PROVIDED TRANSPORT TO STAFF FOR HOME VISITS
C24: h. | D24: GAVE IN-KIND CONTRIBUTIONS
C25: i. | D25: IMPROVED SECURITY AT THE FACILITY
C26: j. | D26: IMPROVED WATER QUALITY
C27: k. | D27: IMPROVED WATER SUPPLY (QUANTITY)
C28: l. | D28: SUPPORTED TRAINING FOR COMMUNITY HEALTH WORKERS
C29: m. | D29: SUPPORTED OUTREACH TEAMS
C30: n. | D30: VERIFIED HEALTH FACILITY MATERNAL AND CHILD HEALTH-RELATED RESULTS
C31: o. | D31: ENVIRONMENTAL SANITATION (E.G. DESTRUCTION OF MOSQUITO BREEDING SITES)
C32: p. | D32: INDOOR RESIDUAL SPRAY
C33: q. | D33: SCREENING OF DISEASES
... C37: u. | D37: OTHER, SPECIFY:
A38: =A17-0.01 -> -2.07 | B38: Has a facility budget been developed for the current financial year? | C38: YES, SEEN | E38: 1
C39: YES, NOT SEEN | E39: 2
B40: INTERVIEWER: ASK TO SEE THE BUDGET. | C40: NO | E40: 3
A41: =A38-0.01 -> -2.08 | B41: Has a facility workplan been developed for the current financial year? | C41: YES, SEEN | E41: 1
C42: YES, NOT SEEN | E42: 2
B43: INTERVIEWER: ASK TO SEE THE WORKPLAN. | C43: NO | E43: 3 | F43: ► | G43: =A58 -> -2.11
A44: =A41-0.01 -> -2.09 | B44: Who was involved in setting this workplan? | C44: a. | D44: Health facility director
C45: b. | D45: Health facility staff
C46: c. | D46: Non governmental Organization staff
B47: INTERVIEWER: READ ALL OPTIONS ALOUD. FOR EACH OPTION, RECORD "1" IF YES, "2" IF NO. | C47: d. | D47: MOHSW/ Regional Health Management Team
C48: e. | D48: Village Support Groups
C49: f. | D49: Hospital/Health center executive committee
C50: g. | D50: Hospital management
C51: h. | D51: VDC Chairperson
C52: i | D52: Community Health Workers
C53: j. | D53: Community members
C54: k. | D54: Health Center Committee
C55: l. | D55: Other, specify:
A56: =A44-0.01 -> -2.1 | B56: Are priority health-related activities identified in this workplan for the current financial year? | C56: YES | E56: 1
C57: NO | E57: 2 | F57: ► | G57: =A71 -> -2.12
A58: =A56-0.01 -> -2.11 | B58: Now I will read you a list of services. For each service, please tell me whether this service is a priority or not a priority for this fiscal year. | C58: a. | D58: Antenatal care
C59: b. | D59: Institutional delivery
C60: c. | D60: Postnatal care
C61: d. | D61: Immunization
B62: INTERVIEWER: READ ALL OPTIONS ALOUD. FOR EACH OPTION, RECORD "1" IF YES/PRIORITY, "2" IF NO/NOT A PRIORITY. | C62: e. | D62: Curative consultations
C63: f. | D63: Family planning/Reproductive health
C64: g. | D64: Nutrition
C65: h. | D65: Integrated management of childhood illness
C66: i. | D66: Malaria
C67: j. | D67: Tuberculosis
C68: k. | D68: HIV/AIDS
C69: l. | D69: Health promotion and monitoring
C70: m. | D70: Other, specify:
A71: =A58-0.01 -> -2.12 | B71: How many health facility staff meetings were held in the last 3 months?
A72: =A71-0.01 -> -2.13 | B72: Do all facility staff have written job descriptions? | C72: All have work descriptions | E72: 1
C73: Some have work descriptions | E73: 2
C74: None have work descriptions | E74: 3
A75: =A72-0.01 -> -2.14 | B75: In the last 3 months, how many visits were made to the health facility by the Regional Health Team (RHT) for supervision or technical support? INTERVIEWER: IF ZERO, RECORD "0".
A76: =A75-0.01 -> -2.15 | B76: In the last 3 months, how many visits were made by a central monitoring team (MOHSW) for supervision or technical assistance? INTERVIEWER: IF ZERO, RECORD "0".
A77: =A76-0.01 -> -2.16 | B77: In the last 3 months, how many visits were made by the Regional Health Management Team for supervision or technical support? INTERVIEWER: IF ZERO, RECORD "0".
A78: =A77-0.01 -> -2.17 | B78: In the last 3 months, how many visits were made by the local government for supervision or technical support? INTERVIEWER: IF ZERO, RECORD "0".
A79: =A78-0.01 -> -2.18 | B79: In the last 3 months, how many visits were made by a donor for supervision or technical support? INTERVIEWER: IF ZERO, RECORD "0".
A80: =A79-0.01 -> -2.19 | B80: In the last 3 months, how many visits were made by this health facility to Community Health Workers for supervision or technical support? INTERVIEWER: IF ZERO, RECORD "0".
A81: NOTE, RECALL PERIOD IS NOW 12 MONTHS
A82: =A80-0.01 -> -2.2 | B82: In the last 12 months, how many times was the performance of staff assessed internally, that is, by persons within the facility? | C82: IF ZERO | F82: ► | G82: =A85 -> -2.22
A83: =A82-0.01 -> -2.21 | B83: Is the result of this internal staff performance assessment linked to staff salary or incentive payment? | C83: YES | E83: 1
C84: NO | E84: 2
A85: =A83-0.01 -> -2.22 | B85: In the last 12 months, how many times was the performance of staff assessed externally, that is, by persons from outside the facility, e.g. the District (or Regional) Health Management Team? | C85: IF ZERO | F85: ► | G85: =A88 -> -2.24
A86: =A85-0.01 -> -2.23 | B86: Is the result of the staff performance assessment linked to staff salary or incentive payment? | C86: YES | E86: 1
C87: NO | E87: 2
A88: =A86-0.01 -> -2.24 | B88: In the last 12 months, how many times was the performance of the facility as a whole assessed externally, that is, by persons from outside the facility? | C88: IF ZERO | F88: ► | G88: =A91 -> -2.26
A89: =A88-0.01 -> -2.25 | B89: Is the result of the external performance assessment of the facility linked to facility financing? | C89: YES | E89: 1
C90: NO | E90: 2
A91: =A89-0.01 -> -2.26 | B91: Does the facility obtain information on patient opinion through client surveys, a complaint/suggestion box or another method? | C91: YES | E91: 1
C92: NO | E92: 2 | F92: ► | G92: =A97 -> -2.29
A93: =A91-0.01 -> -2.27 | B93: Is there a formal mechanism to inform the staff about patient opinion ? | C93: YES | E93: 1
C94: NO | E94: 2
A95: =A93-0.01 -> -2.28 | B95: In the last 12 months, have any changes occurred as a result of patient opinion? | C95: YES | E95: 1
C96: NO | E96: 2
A97: =A95-0.01 -> -2.29 | B97: In the last 12 months, has there been a formal review of HMIS data? | C97: YES | E97: 1
C98: NO | E98: 2
A99: =A97-0.01 -> -2.3 | B99: In the last 12 months, has HMIS data been used to plan for service delivery? | C99: YES | E99: 1
C100: NO | E100: 2
A101: =A99-0.01 -> -2.31 | B101: In the last 12 months, has HMIS data been analyzed within this facility? | C101: YES | E101: 1 | F101: ► | G101: ='3HRM'!D4 -> -3.01
C102: NO | E102: 2
A103: =A101-0.01 -> -2.32 | B103: What has the data been used for? | C103: Planning service delivery | E103: 1
...

Sheet 3HRM
A1: =-3 -> -3 | B1: Human Resources
A2: RESPONDENT: HEAD OF HUMAN RESOURCES, HEAD OF THE FACILITY OR BEST INFORMED STAFF MEMBER
A3: ="FOR EACH TYPE OF POSITION LISTED BELOW, ASK QUESTIONS "& TEXT(D4,"0.00_);(0.00)")&" TO "& TEXT(I4,"0.00_);(0.00)")&". IF ZERO, RECORD 0." -> FOR EACH TYPE OF POSITION LISTED BELOW, ASK QUESTIONS (3.01) TO (3.04). IF ZERO, RECORD 0.
B4: POSITION TYPE | D4: =A1-0.01 -> -3.01 | E4: =D4-0.01 -> -3.02 | G4: =E4-0.01 -> -3.03 | I4: =G4-0.01 -> -3.04 | L4: =I4-0.01 -> -3.05 | M4: =L4-0.01 -> -3.06
D5: How many authorized positions are there in the facility for [POSITION TYPE]s? | E5: How many authorized positions for [POSITION TYPE] are currently filled? | G5: In the last 12 months, how many [POSITION TYPE] have left the facility permanently? | I5: How many [POSITION TYPE] work regularly in this facility without being in an authorized position? | L5: In the last 12 months, how many [POSITION TYPE] have been hired? | M5: Is this category of worker difficult to keep staffed? YES OR NO QUESTION YES=1 NO=2
B6: Doctor or medical officer | C6: a.
B7: Clinical officer | C7: b.
B8: Hospital administrator/ Executive director | C8: c.
B9: Nurse | C9: d.
B10: Midwife | C10: e.
B11: Pharmacist | C11: f.
B12: PHO | C12: g.
B13: Pharmacy technician | C13: h.
B14: Pharmacy Assistant | C14: i
B15: Lab technologist | C15: j.
B16: Lab technician | C16: k.
B17: Classified Daily Employee (CDE) | C17: l.
... B26: Other, specify: | C26: u.
A27: (B) | B27: Community Health Workers | H27: RECORD RESPONSE
A28: =M4-0.01 -> -3.07 | B28: How many villages are in your catchment area?
A29: =A28-0.01 -> -3.08 | B29: How many community health posts are in your catchment area?
A30: =A29-0.01 -> -3.09 | B30: Does the health facility catchment area have active Community Health Workers (CHWs)? | C30: YES | E30: 1
C31: NO | E31: 2 | F31: ► | G31: =A41 -> -3.13
A32: =A30-0.01 -> -3.1 | B32: How many Community Health Workers are currently active in this catchment area? | C32: a. | D32: FEMALE
C33: b. | D33: MALE
A34: =A32-0.01 -> -3.11 | B34: Is there any Community Health Worker who has stopped working in the last 12 months? | C34: YES | E34: 1
C35: NO | E35: 2
A36: 3.12.1 | B36: Have you hired any new Community Health Workers in the last 12 months? | C36: YES | E36: 1
C37: NO | E37: 2 | F37: ► | G37: 3.14
A38: 3.12.2 | B38: How many Community Health Workers did you hire in the last 12 months?
A39: =A34-0.01 -> -3.12 | B39: How many Community Health Workers have stopped working in the last 12 months? | C39: a. | D39: FEMALE
C40: b. | D40: MALE
A41: =A39-0.01 -> -3.13 | B41: Does the health facility have a specially designated Community Health Nurse (CHN)? | C41: YES | E41: 1
C42: NO | E42: 2 | F42: ► | G42: ='4Roster'!B6 -> -4.01
A43: =A41-0.01 -> -3.14 | B43: How many Community Health Nurse work from this facility?
A44: =A43-0.01 -> -3.15 | B44: In the last 3 months, did the Community Health Nurse(s) do any of the following activities? | C44: a. | D44: Participate in Community Health Workers meetings
C45: b. | D45: Supervise Community Health Workers activities (observe consultations, activities)
B46: INTERVIEWER: READ ALL OPTIONS ALOUD. | C46: c. | D46: Replace Community Health Workers kits
C47: d. | D47: Provide Community Health Workers training
B48: YES 1 | C48: e. | D48: Support Community Health Workers training
B49: NO 2 | C49: f. | D49: Collect and compile Monthly Activity Reports
C50: g. | D50: Meet with VHWs at health posts
C51: h. | D51: Promote specific health programs
C52: i. | D52: Organize vaccination campaign(s)
C53: j. | D53: Other, specify:

Sheet 4Roster
A1: =-4 -> -4 | B1: Staff Roster
B3: SUBJECT: ALL STAFF MEMBERS INVOLVED IN MCH SERVICES, WHETHER TEMPORARY OR PERMANENT, STARTING WITH THE HEAD OF THE FACILITY
B4: RESPONDENT: HEAD OF FACILITY OR BEST INFORMED STAFF MEMBER
B6: =A1-0.01 -> -4.01 | C6: =B6-0.01 -> -4.02 | E6: =C6-0.01 -> -4.03 | F6: =E6-0.01 -> -4.04 | G6: =F6-0.01 -> -4.05 | L6: =G6-0.01 -> -4.06 | N6: =L6-0.01 -> -4.07 | O6: =N6-0.01 -> -4.08 | P6: =O6-0.01 -> -4.09 | Q6: =P6-0.01 -> -4.1 | S6: =Q6-0.01 -> -4.11 | W6: =S6-0.01 -> -4.12 | Y6: =W6-0.01 -> -4.13
A7: ID CODE | B7: INTERVIEWER: LIST FULL NAMES OF ALL STAFF WORKING IN THE FACILITY. FOR EACH STAFF, ASK ALL THE QUESTIONS OF THIS SECTION, THEN MOVE TO NEXT STAFF. | C7: IS [NAME] MALE OR FEMALE? | E7: Is NAME a respondent? | F7: How old is [NAME]? | G7: What is [NAME]'s position in this facility? | L7: Was [NAME] appointed by the central Ministry or contracted locally? | N7: How many days per week does NAME work at this facility? | O7: How many hours per week does [NAME] usually work at this health facility? | P7: How many hours per week does [NAME] usually spend providing medical care directly to patients? | Q7: Does [NAME] also work in a private health practice? | S7: Is [NAME] here today? | W7: Can you please tell me why [NAME] is not here today? | Y7: What services is [NAME] providing today?
G8: Clinical
G9: Doctor or medical officer | H9: 1 | J9: Community Health Midwife | K9: =H20+1 -> 12 | Y9: INTERVIEWER: RECORD UP TO 5 SERVICES. IF CHILD POSTNATAL CARE COMBINED WITH CHILD PREVENTIVE CARE (E.G. VACCINATIONS), RECORD "03" FOR POSTNATAL CARE TO CHILD.
G10: Clinical officer | H10: 2 | J10: Ordilies | K10: =K9+1 -> 13 | W10: ►NEXT PROVIDER
G11: Hospital administrator/ Executive director | H11: 3 | J11: Nursing assistant | K11: =K10+1 -> 14
J12: Lab technologist | K12: =K11+1 -> 15 | W12: OFFICIALLY OFF DUTY | X12: 1
G13: Nurse | H13: =H11+1 -> 4 | J13: Lab technician | K13: =K12+1 -> 16 | W13: ON SICK LEAVE | X13: 2
G14: Nurse Anaesthetic | H14: =H13+1 -> 5 | J14: Pharmacy Technician | K14: =K13+1 -> 17 | W14: ON TRAINING | X14: 3
G15: Midwife | H15: =H14+1 -> 6 | J15: Pharmacy Assistant | K15: =K14+1 -> 18 | W15: ON MATERNITY LEAVE | X15: 4 | Y15: PRENATAL CARE | AC15: 1
G16: State Enrolled Nurse | H16: =H15+1 -> 7 | J16: Pharmacist | K16: =K15+1 -> 19 | W16: OTHER AUTHORIZED ABSENCE | X16: 5 | Y16: DELIVERIES | AC16: 2
G17: State Registered Nurse | H17: =H16+1 -> 8 | J17: PHO | K17: 20 | W17: LATE | X17: 6 | Y17: CHILD POSTNATAL CARE | AC17: 3
G18: State Certified Midwife | H18: =H17+1 -> 9 | J18: Other clinical | K18: =K17+1 -> 21 | W18: UNAUTHORIZED ABSENCE | X18: 7 | Y18: MOTHER POSTNATAL CARE | AC18: 4
G19: State Enrolled Midwife | H19: =H18+1 -> 10 | J19: Non Clinical | P19: INTERVIEWER: IF NON-CLINICAL STAFF: RECORD 00 | W19: OTHER (SPECIFY) | X19: 96 | Y19: CHILD PREVENTIVE CARE | AC19: 5
G20: Community Health Nurse | H20: =H19+1 -> 11 | J20: Calssified Daily Employee | K20: 22 | Y20: CHILD CURATIVE CARE | AC20: 6
Y21: ADULT CURATIVE CARE | AC21: 7
Y22: VOLUNTARY COUNSELING AND TESTING | AC22: 8
Y23: NON-CLINICAL (ADMIN, RECEPTION, ETC) | AC23: 9
C27: MALE | D27: 1 | E27: YES 01 | L27: Appointed Centrally | M27: 1 | Q27: YES | R27: 1 | S27: YES | T27: 1 | U27: ► | V27: =Y6 -> -4.13
B28: FULL NAME | C28: FEMALE | D28: 2 | E28: NO 02 | F28: YEARS | L28: Contracted Locally | M28: 2 | N28: MAX 7 | O28: MAX 168 | P28: MAX 168 | Q28: NO | R28: 2 | S28: NO | T28: 2 | Y28: A. | Z28: B. | AA28: C. | AB28: D. | AC28: E.
A29: 1
A30: =A29+1 -> 2
A31: =A30+1 -> 3
A32: =A31+1 -> 4
A33: =A32+1 -> 5
A34: =A33+1 -> 6
A35: =A34+1 -> 7
A36: =A35+1 -> 8
A37: =A36+1 -> 9
A38: =A37+1 -> 10
A39: =A38+1 -> 11
A40: =A39+1 -> 12
A41: =A40+1 -> 13
... A49: =A48+1 -> 21

Sheet 5Lab
A1: =-5 -> -5 | B1: Laboratory
A2: RESPONDENT: LAB TECHNICIAN OR BEST INFORMED STAFF MEMBER
A3: ID CODE OF THE RESPONDENT FROM THE STAFF ROSTER
A4: =A1-0.01 -> -5.01 | B4: Does the facility provide laboratory services? | C4: YES | D4: 1
C5: NO | D5: 2 | E5: ► | F5: ='6Services'!A4 -> -6.01
A6: (A) | B6: Lab Tests
C7: =A4-0.01 -> -5.02 | E7: =C7-0.01 -> -5.03 | G7: =E7-0.01 -> -5.04
C8: For the following tests, please tell me if you are able to perform them today, if you were able to perform them 3 months ago but not today, or if you simply cannot do this test (today or 3 months ago). | E8: How many of the […] tests were conducted in the last 3 months? | G8: INTERVIEWER: RECORD SOURCE OF THE INFORMATION. RECORD ONE RESPONSE FOR EACH TEST.
C9: INTERVIEWER: RECORD ONE RESPONSE FOR EACH TEST. | E9: INTERVIEWER: IF NONE, RECORD "0". RECORD ONE RESPONSE FOR EACH TEST.
C10: Able to do this test today | D10: 1 | G10: RECORDS | H10: 1
C11: Able to do in past 3 months but not today | D11: 2 | G11: NO RECORDS AVAILABLE, ORAL REPORT | H11: 2
C12: Cannot do this test, today or in past 3 months | D12: 3
C13: CODE | G13: CODE
A14: a. | B14: White cell and red cell counts
A15: b. | B15: Hemoglobin estimation (Hematocrit)
A16: c. | B16: Blood type and cross match
A17: d. | B17: Malaria smears (thick and thin)/ Rapid diagnostic test
A18: e. | B18: Tuberculosis smears
A19: f. | B19: Gram stains
A20: g. | B20: HIV testing
A21: h. | B21: Hepatitis B testing
A22: i. | B22: Hepatitis C testing
A23: j. | B23: Syphilis testing (RPR or VDRL Test)
A24: k. | B24: Urine protein & glucose test (dipstick tests)
A25: l. | B25: Pregnancy testing
... A29: p . | B29: Liver function testing
A30: (B) | B30: Lab Equipment | G30: RECORD RESPONSE
A31: =G7-0.01 -> -5.05 | B31: Where is the lab equipment located? | C31: Separate laboratory | F31: 1
C32: Room that is also used for other activities | F32: 2
C33: Other, specify: | F33: 96
A34: =A31-0.01 -> -5.06 | B34: INTERVIEWER: RECORD QUANTITY OF EACH EQUIPMENT FUNCTIONING. RECORD ONE RESPONSE FOR EACH EQUIPMENT. RECORD 98 IF NOT FUNCTIONING OR NOT AVAILABLE. | C34: a. Microscope
C35: b. Centrifuge
C36: c. Hemoglobinometer
C37: d. Refrigerator for storing reagents
A38: =A34-0.01 -> -5.07 | B38: Is there a Tuberculosis Laboratory Register? INTERVIEWER: IF YES, ASK TO SEE IT. | C38: YES, SEEN | F38: 1
C39: YES, NOT SEEN | F39: 2
C40: NO | F40: 3
A41: =A38-0.01 -> -5.08 | B41: How many laboratory technicians are trained in Acid-Fast Bacilli (AFB) microscopy? INTERVIEWER: CHECK THE NUMBER DOES NOT EXCEED THE TOTAL NUMBER OF LABORATORY TECHNICIANS

Sheet 6Services
A1: =-6 -> -6 | B1: Services
A2: RESPONDENT: HEAD OF THE FACILITY OR BEST INFORMED STAFF MEMBER
A3: (A) | B3: Vaccination Services | G3: RECORD RESPONSE
A4: =A1-0.01 -> -6.01 | B4: Does this facility provide immunization services? | C4: YES | D4: 1
C5: NO | D5: 2 | E5: ► | F5: =A32 -> -6.13
A6: =A4-0.01 -> -6.02 | B6: Is there a separate room or area for immunizations? | C6: YES | D6: 1
C7: NO | D7: 2
A8: =A6-0.01 -> -6.03 | B8: Are immunizations regularly given to children at the facility or in outreach activities? | C8: Facility only | D8: 1
C9: Outreach only | D9: 2
C10: Facility and outreach | D10: 3
A11: =A8-0.01 -> -6.04 | B11: Is there a vaccination outreach work plan for the current year? | C11: YES | D11: 1
C12: NO | D12: 2
A13: =A11-0.01 -> -6.05 | B13: In the last 30 days, on how many days did the facility staff do vaccination outreach in the community?
A14: =A13-0.01 -> -6.06 | B14: Does this facility have a [STORAGE METHOD] for storing vaccines? | C14: a. Ice Lined Refrigerator (ILR)
C15: b. Cold Box
B16: INTERVIEWER: READ EACH OPTION ALOUD. FOR EACH OPTION, RECORD "1" IF THE FACILITY HAS THE CITED STORAGE METHOD, "2" IF NOT. | C16: c. Refrigerator
C17: d. Vaccine Carriers
A18: =A14-0.01 -> -6.07 | B18: Is a temperature log kept? INTERVIEWER: IF YES, ASK TO SEE IT. | C18: YES, SEEN | D18: 1
C19: YES, NOT SEEN | D19: 2
C20: NO | D20: 3 | E20: ► | F20: =A23 -> -6.1
A21: =A18-0.01 -> -6.08 | B21: In the past 7 days, on how many days was the temperature logged?
A22: =A21-0.01 -> -6.09 | B22: In the past 7 days, how many days had a measurement of over 80C or under 20C?
A23: =A22-0.01 -> -6.1 | B23: Are immunization cards issued to every child starting his/her immunization schedule? | C23: YES | D23: 1
C24: NO | D24: 2 | E24: ► | F24: =A32 -> -6.13
A25: =A23-0.01 -> -6.11 | B25: After a child starts its immunization schedule, where are the immunization cards kept? | C25: Given to caregiver to bring for next visit | D25: 1 | E25: ► | F25: =A32 -> -6.13
C26: Kept at facility | D26: 2
C27: One copy given to caregiver and one kept at facility | D27: 3
C28: Other, specify: | D28: 96 | E28: ► | F28: =A32 -> -6.13
A29: =A25-0.01 -> -6.12 | B29: Could you show me some cards that belong to specific patients? | C29: SEEN | D29: 1
C30: NOT SEEN | D30: 2
A31: (B) | B31: Antenatal Care Services | G31: RECORD RESPONSE
A32: =A29-0.01 -> -6.13 | B32: Are antenatal services provided at this facility? | C32: YES | D32: 1
C33: NO | D33: 2 | E33: ► | F33: =A37 -> -6.16
A34: =A32-0.01 -> -6.14 | B34: Are pregnant women seen at specific times that are separate from times allocated to other patients consultations? | C34: YES | D34: 1
C35: NO | D35: 2
A36: =A34-0.01 -> -6.15 | B36: In the last 30 days, how many days has antenatal care been available to women? | C36: MAXIMUM 30 DAYS
A37: =A36-0.01 -> -6.16 | B37: In the last 6 months, how many times did the facility hold meetings with Traditional Birth Attendants?
A38: =A37-0.01 -> -6.17 | B38: In the last 6 months, on how many days did the facility staff do outreach in the community for antenatal care?
A39: =A38-0.01 -> -6.18 | B39: In the last 6 months, were iron folate routinely prescribed? INTERVIEWER: CHECK RECORDS. IF NO RECORDS, ASK IN-CHARGE. RECORD ANSWER BASED ON WHETHER RECORDS WERE SEEN OR NOT. | C39: RECORDS SEEN: All the time | D39: 1
C40: RECORDS SEEN: Sometimes | D40: 2
C41: RECORDS SEEN: Seldom or never | D41: 3
C42: RECORDS NOT SEEN, ORAL REPORT: All the time | D42: 4
C43: RECORDS NOT SEEN, ORAL REPORT: Sometimes | D43: 5
C44: RECORDS NOT SEEN, ORAL REPORT: Seldom or never | D44: 6
A45: =A39-0.01 -> -6.19 | B45: Do women who come to the facility for antenatal care get an antenatal or maternal health card? | C45: YES | D45: 1
C46: NO | D46: 2 | E46: ► | F46: =A54 -> -6.22
A47: =A45-0.01 -> -6.2 | B47: Where are the maternal health cards kept once issued to a mother? | C47: Given to mother to bring for next visit | D47: 1 | E47: ► | F47: =A54 -> -6.22
C48: Kept at facility | D48: 2
C49: One copy given to mother and one kept at facility | D49: 3
C50: Other, specify: | D50: 96 | E50: ► | F50: =A54 -> -6.22
A51: =A47-0.01 -> -6.21 | B51: Could you show me some cards that belong to specific patients? | C51: SEEN | D51: 1
C52: NOT SEEN | D52: 2
A53: (C) | B53: Delivery and Postpartum Services | G53: RECORD RESPONSE
A54: =A51-0.01 -> -6.22 | B54: Are delivery services offered by the facility, either in the facility or in the community? | C54: YES | D54: 1
C55: NO | D55: 2 | E55: ► | F55: =A62 -> -6.25
A56: =A54-0.01 -> -6.23 | B56: Do facility staff assist with deliveries only in the facility, only in the community, or in both the facility and the community? | C56: Only in facility | D56: 1
C57: Only in community | D57: 2
C58: Both in facility and community | D58: 3
A59: =A56-0.01 -> -6.24 | B59: Does this health facility have the capacity to manage emergency caesarian sections? | C59: Can be managed now | D59: 1
C60: Usually, but not now | D60: 2
C61: Must be referred | D61: 3
A62: =A59-0.01 -> -6.25 | B62: Are postpartum care services offered at the facility? | C62: YES | D62: 1
C63: NO | D63: 2 | E63: ► | F63: =A88 -> -6.42
A64: =A62-0.01 -> -6.26 | B64: Are postpartum services offered at specific hours only, during general outpatient hours, or both at specific hours and during general outpatient hours? | C64: Specific hours only | D64: 1
C65: Outpatient hours only | D65: 2
C66: Both specific and outpatient hours | D66: 3
A67: =A64-0.01 -> -6.27 | B67: In the last 30 days, on how many days was postpartum care available to women? | C67: MAXIMUM 30 DAYS
A68: =A67-0.01 -> -6.28 | B68: In the last 6 months, how many postpartum outreach clinics were held by this facility?
A69: =A68-0.01 -> -6.29 | B69: In the last 6 months, how many women were referred to another facility due to complications during delivery?
A70: =A69-0.01 -> -6.3 | B70: In the last 6 months, how many women/infants were referred to another facility due to neo-natal complications?
A71: =A70-0.01 -> -6.31 | B71: In the last 12 months, how many maternal deaths were recorded at the facility? INTERVIEWER: CHECK RECORDS.
A72: =A71-0.01 -> -6.32 | B72: In the last 12 months, how many maternal deaths were recorded in the community (excluding those at the facility)? INTERVIEWER: CHECK RECORDS.
A73: =A72-0.01 -> -6.33 | B73: In the last 12 months, how many stillbirths were recorded at the facility? A still birth is a baby that is born dead.INTERVIEWER: CHECK RECORDS.
A74: =A73-0.01 -> -6.34 | B74: In the last 12 months, how many stillbirths were recorded in the community (excluding those at the facility)? INTERVIEWER: CHECK RECORDS.
A75: =A74-0.01 -> -6.35 | B75: In the last 12 months, how many neonatal deaths were recorded at the facility? A neonatal death is when a baby is born alive but dies within 28 days. INTERVIEWER: CHECK RECORDS.
A76: =A75-0.01 -> -6.36 | B76: In the last 12 months, how many neonatal deaths were recorded in the community (excluding those at the facility)? INTERVIEWER: CHECK RECORDS.
A77: (D) | B77: Family Planning Services | G77: RECORD RESPONSE
A78: =A76-0.01 -> -6.37 | B78: Are family planning services offered by the facility, either in the facility or in the community? | C78: YES | D78: 1
C79: NO | D79: 2 | E79: ► | F79: =A88 -> -6.42
A80: =A78-0.01 -> -6.38 | B80: Do facility staff assist with family planning only in the facility, only in the community, or in both the facility and the community? | C80: Only in facility | D80: 1
C81: Only in community | D81: 2
C82: Both in facility and community | D82: 3
A83: =A80-0.01 -> -6.39 | B83: Is there a separate room for family planning services? | C83: YES | D83: 1
C84: NO | D84: 2 | E84: ► | F84: =A88 -> -6.42
A85: =A83-0.01 -> -6.4 | B85: In the last 30 days, on how many days were family planning services available to women? | C85: MAXIMUM 30 DAYS
A86: =A85-0.01 -> -6.41 | B86: In the last 6 months, how many family planning outreach clinics were held by this facility?
A87: (E) | B87: Tuberculosis Services | G87: RECORD RESPONSE
A88: =A86-0.01 -> -6.42 | B88: What tuberculosis services does this health facility provide? | C88: Diagnosis services only | D88: 1
C89: Treatment services only | D89: 2
C90: Both diagnosis and treatment services | D90: 3
C91: None | D91: 4 | E91: ► | F91: ='7GenHMIS'!A3 -> -7.01
A92: =A88-0.01 -> -6.43 | B92: Is there a Tuberculosis Corner in the health facility? INTERVIEWER: TUBERCULOSIS CORNER IS A PLACE IN THE FACILITY WHERE PATIENTS WITH TUBERCULOSIS ARE SEEN AND PROVIDED DRUGS. | C92: YES | D92: 1
C93: NO | D93: 2 | E93: ► | F93: =A98 -> -6.45
A94: =A92-0.01 -> -6.44 | B94: Who manages the Tuberculosis Corner in this health facility? | C94: Health Facility Staff | D94: 1
C95: Community health worker | D95: 2
C96: Classified daily employee | D96: 3
C97: Other, specify: | D97: 96
A98: =A94-0.01 -> -6.45 | B98: Is there a Tuberculosis Register? IF YES, ASK TO SEE IT. | C98: YES, SEEN | D98: 1
C99: YES, NOT SEEN | D99: 2
C100: NO | D100: 3
...

Sheet 7GenHMIS
A1: =-7 -> -7 | B1: General Health Management Information Systems (HMIS) | G1: RECORD RESPONSE
A2: RESPONDENT: HEAD OF THE FACILITY OR BEST INFORMED STAFF MEMBER
A3: =A1-0.01 -> -7.01 | B3: Do you have an estimate of the size of the catchment population that this facility serves, that is, the target, or total population living in the area served by this facility? | C3: YES | D3: 1
C4: NO | D4: 2 | E4: ► | F4: =A14 -> -7.03
A5: =A3-0.01 -> -7.02 | B5: How many people is the catchment [POPULATION CATEGORY]? | C5: a. Total population
C6: b. Total male population
C7: c. Total female population
C8: d. Total female 15-49 years population, i.e. women of childbearing age
C9: e. Total <5 years population
C10: f. Total <1 year population
A11: Now I would like to see the register that shows the total number of patients attended in this facility in the last completed calendar month.
A12: ="INTERVIEWER: FOR QUESTIONS (" & -A13 & ") TO (" & -A35 & "), RECORD FOR THE LAST COMPLETED CALENDAR MONTH. FOR QUESTIONS (" & -A14 & ") TO (" & -A22 & "), IF SOME CATEGORIES CAN'T BE IDENTIFIED FROM REGISTER, RECORD 'DON'T KNOW' FOR THESE CATEGORIES." -> INTERVIEWER: FOR QUESTIONS (0) TO (7.14), RECORD FOR THE LAST COMPLETED CALENDAR MONTH. FOR QUESTIONS (7.03) TO (7.09), IF SOME CATEGORIES CAN'T BE IDENTIFIED FROM REGISTER, RECORD 'DON'T KNOW' FOR THESE CATEGORIES. | G12: Outpatients | I12: Inpatients
B13: Number of TOTAL patients - PROGRAM GENERATE THIS FROM male AND female BELOW
A14: =A5-0.01 -> -7.03 | B14: Number of TOTAL male patients
A15: =A14-0.01 -> -7.04 | B15: Number of TOTAL female patients
A16: =A15-0.01 -> -7.05 | B16: Number of TOTAL pregnant women
B17: Number of TOTAL under 5 patients - PROGRAM GENERATE THIS FROM male AND female BELOW
A18: =A16-0.01 -> -7.06 | B18: Number of TOTAL male under 5 patients
A19: =A18-0.01 -> -7.07 | B19: Number of TOTAL female under 5 patients
B20: Number of TOTAL under 1 patients - PROGRAM GENERATE THIS FROM male AND female BELOW
A21: =A19-0.01 -> -7.08 | B21: Number of TOTAL male under 1 patients
A22: =A21-0.01 -> -7.09 | B22: Number of TOTAL female under 1 patients
A23: =A22-0.01 -> -7.1 | B23: Monthly Integrated Activity Report | C23: SEEN, FULLY COMPLETED | F23: 1
C24: SEEN, NOT COMPLETE | F24: 2
C25: NOT SEEN | F25: 3
A26: =A23-0.01 -> -7.11 | B26: Facility Status Report | C26: SEEN, FULLY COMPLETED | F26: 1
C27: SEEN, NOT COMPLETE | F27: 2
C28: NOT SEEN | F28: 3
A29: =A26-0.01 -> -7.12 | B29: Notifiable Disease Report | C29: SEEN, FULLY COMPLETED | F29: 1
C30: SEEN, NOT COMPLETE | F30: 2
C31: NOT SEEN | F31: 3
A32: =A29-0.01 -> -7.13 | B32: Vaccination/immunization Coverage Report | C32: SEEN, FULLY COMPLETED | F32: 1
C33: SEEN, NOT COMPLETE | F33: 2
C34: NOT SEEN | F34: 3
A35: =A32-0.01 -> -7.14 | B35: Family Planning Register | C35: SEEN, FULLY COMPLETED | F35: 1
C36: SEEN, NOT COMPLETE | F36: 2
C37: NOT SEEN | F37: 3

Sheet 8UtilHMIS
A1: =-8 -> -8 | B1: Health services utilization based on Health Management Information Systems (HMIS)
A2: RESPONDENT: HEAD OF THE FACILITY OR BEST INFORMED STAFF MEMBER.
A3: I would like to ask you some questions about the health services available.
A4: ="ASK QUESTIONS (" & -C4 & ") TO (" & -J4 & ") FOR EACH SERVICE BEFORE MOVING TO NEXT SERVICE." -> ASK QUESTIONS (8.01) TO (8.04) FOR EACH SERVICE BEFORE MOVING TO NEXT SERVICE. | C4: =A1-0.01 -> -8.01 | G4: =C4-0.01 -> -8.02 | H4: =G4-0.01 -> -8.03 | J4: =H4-0.01 -> -8.04
C5: Does this facility provide [SERVICE] within the facility and/or as outreach? INTERVIEWER: RECORD FOR BOTH FACILITY AND OUTREACH. | G5: How many days per week is this service offered? | H5: What is the total price in dalasi charged for this type of service? INTERVIEWER: IF NO CHARGE, RECORD "0". | J5: INTERVIEWER: FOR EACH SERVICE, RECORD THE MONTHLY TOTAL NUMBER OF INPATIENTS (IN) AND OUTPATIENTS (OUT) LISTED IN THE REGISTER, REGARDING THE LAST 3 MONTHS PRIOR TO THE MONTH OF THE SURVEY (E.G. IF TODAY IS SEPTEMBER 13, RECORD PATIENTS FOR THE PERIOD OF MARCH, 1 TO AUGUST, 31 IN ORDER TO HAVE 6 FULL MONTHS) .
G10: INTERVIEWER: IF BY APPOINTMENT ONLY, RECORD 8; IF NOT APPLICABLE, RECORD 97
C12: YES | D12: 1 | F12: 1
C13: NO | D13: 2 | E13: ► | F13: NEXT
C14: SKIP TO NEXT IF BOTH NO
C15: In-facility | E15: Outreach | J15: MONTH 1 | L15: MONTH 2 | N15: MONTH 3
A16: SERVICES | G16: DAYS/WEEK | H16: DALASI | I16: UNIT | J16: IN | K16: OUT | L16: IN | M16: OUT | N16: IN | O16: OUT
C17: CODE | F17: CODE
B18: Family planning/clinical
A19: a. | B19: Contraceptive pill | I19: per initial visit
A20: b. | B20: Injection | I20: per visit
A21: c. | B21: Implant insertion | I21: per insertion
A22: d. | B22: Male condoms | I22: per visit
A23: e. | B23: Intrauterine Contraceptive Device (IUCD) insertion | I23: per insertion
A24: f. | B24: Female sterilization | I24: per procedure
A25: g. | B25: Male sterilization | I25: per procedure
B26: Antenatal Care
A27: h. | B27: Antenatal care | I27: per visit
B28: Facility based delivery
A29: i. | B29: Spontaneous Vaginal Delivery | I29: per delivery
A30: j. | B30: Ceasarian section | I30: per delivery
A31: k. | B31: Assisted (forcepts, vaccuum) | I31: per delivery
A32: l. | B32: Postnatal care | I32: per visit
B33: Immunizations
A34: m. | B34: Bacille Calmette Guerin (BCG) | I34: per dose
A35: n. | B35: Pentavalent Dose 1 (DPT, Hepatitis B, Hemophilus influenzae B) | I35: per dose
A36: o. | B36: Pentavalent Dose 2 (DPT, Hepatitis B, Hemophilus influenzae B) | I36: per dose
A37: p. | B37: Pentavalent Dose 3 (DPT, Hepatitis B, Hemophilus influenzae B) | I37: per dose
A38: q. | B38: Polio Dose 1 | I38: per dose
A39: r. | B39: Polio Dose 2 | I39: per dose
A40: s. | B40: Polio Dose 3 | I40: per dose
A41: t. | B41: Measles Dose 1 (<1 year) | I41: per dose
A42: u. | B42: Rotavirus Vaccine | I42: per dose
A43: v. | B43: Pneumococcal Vaccine | I43: per dose
A44: w. | B44: Tetanus Toxoid to pregnant women | I44: per dose
A45: x. | B45: Vitamin A Supplement | I45: per dose
A46: y. | B46: Deworming | I46: per dose
A47: ="ASK QUESTIONS (" & -C4 & ") TO (" & -J4 & ") FOR EACH SERVICE BEFORE MOVING TO NEXT SERVICE." -> ASK QUESTIONS (8.01) TO (8.04) FOR EACH SERVICE BEFORE MOVING TO NEXT SERVICE. | C47: =A1-0.01 -> -8.01 | G47: =C47-0.01 -> -8.02 | H47: =G47-0.01 -> -8.03 | J47: =H47-0.01 -> -8.04
C48: Does this facility provide [SERVICE] within the facility and/or as outreach? INTERVIEWER: RECORD FOR BOTH FACILITY AND OUTREACH. | G48: How many days per week is this service offered? | H48: What is the total price in Dalasi charged for this type of service? INTERVIEWER: IF NO CHARGE, RECORD "0". NOTE: IF DIFFERENT FEES FOR NATIONAL AND FOREIGN PATIENTS, LIST FEES FOR NATIONALS | J48: INTERVIEWER: FOR EACH SERVICE, RECORD THE MONTHLY TOTAL NUMBER OF INPATIENTS (IN) AND OUTPATIENTS (OUT) LISTED IN THE REGISTER, REGARDING THE LAST 3 MONTHS PRIOR TO THE MONTH OF THE SURVEY (E.G. IF TODAY IS SEPTEMBER 13, RECORD PATIENTS FOR THE PERIOD OF MARCH, 1 TO AUGUST, 31 IN ORDER TO HAVE 6 FULL MONTHS) .
G53: INTERVIEWER: IF BY APPOINTMENT ONLY, RECORD 8; IF NOT APPLICABLE, RECORD 97
C55: YES | F55: 1
C56: NO | D56: 2 | E56: ► | F56: NEXT
C57: SKIP TO NEXT IF BOTH NO
C58: In-facility | E58: Outreach | J58: MONTH 1 | L58: MONTH 2 | N58: MONTH 3
A59: SERVICES | G59: DAYS/WEEK | H59: DALASI | I59: UNIT | J59: IN | K59: OUT | L59: IN | M59: OUT | N59: IN | O59: OUT
C60: CODE | F60: CODE
B61: Curative and preventive care
A62: aa. | B62: Curative care for children <5 years | I62: per visit
A63: ab. | B63: Curative care for children >5 years and adults | I63: per visit
A64: ac. | B64: Child growth monitoring and nutritional advice | I64: per visit
A65: ad. | B65: Treatment for severe acute malnutrition
A66: ae | B66: Malaria treatment with Artemisinin-based Combination Therapy (ACT) | I66: per visit
A67: af | B67: Tuberculosis diagnosis | I67: per new case
A68: aj | B68: Tuberculosis treatment | I68: per Directly Observed Therapy
B69: Sexually Transmitted Infections services SPLIT THIS INTO 2
A70: ak | B70: Diagnosis, testing, and counseling for STIs | I70: per visit
A71: al | B71: Treatment for STIs | I71: per visit
B72: Emergency Services
A73: am | B73: 24-hour emergency care | I73: per visit
A74: an | B74: Inpatient stay | I74: per day
A75: ao | B75: Ambulance ride to another facility for referral | I75: per transport

Sheet 9UserFees
A1: =-9 -> -9 | B1: User Fees
A2: RESPONDENT: HEAD OF THE FACILITY OR BEST INFORMED STAFF MEMBER.
A3: =A1-0.01 -> -9.01 | B3: ="Do patients pay for consultation or doctor’s fees? CHECK QUESTION "& TEXT('1General'!A53,"0.00_);(0.00)") &"." -> Do patients pay for consultation or doctor’s fees? CHECK QUESTION (1.12). | C3: YES | D3: 1
C4: NO | D4: 2
A5: =A3-0.01 -> -9.02 | B5: Do patients pay laboratory fees for tests? | C5: YES | D5: 1
C6: NO | D6: 2
A7: =A5-0.01 -> -9.03 | B7: Do patients pay fees for x-ray tests? | C7: YES | D7: 1
C8: NO | D8: 2
C9: NOT APPLICABLE, NO X-RAYS | D9: 98
A10: =A7-0.01 -> -9.04 | B10: Do patients pay fees for supplies (e.g. compresses, syringes, etc.)? | C10: YES | D10: 1
C11: NO | D11: 2
A12: =A10-0.01 -> -9.05 | B12: Do patients pay fees for medicines? | C12: YES | D12: 1
C13: NO | D13: 2 | E13: ► | F13: =A17 -> -9.08
A14: =A12-0.01 -> -9.06 | B14: What percentage of the drug cost is charged to patients? INTERVIEWER: RECORD PERCENTAGE WITHOUT "%" SIGN, AS A NUMBER. E.G. IF 5% IS CHARGED, RECORD 05. IF 80% IS CHARGED, RECORD 80. | C14: MAXIMUM 100
A15: =A14-0.01 -> -9.07 | B15: Is this percentage charged based on the wholesale or retail price? | C15: Wholesale | D15: 1
C16: Retail | D16: 2
A17: =A15-0.01 -> -9.08 | B17: ="Program to: CHECK WHETHER THE FACILITY CHARGES ANY FEES FROM ("&-A3&"), ("&-A5&"), ("&-A7&"), ("&-A10&") and ("&-A12&")." -> Program to: CHECK WHETHER THE FACILITY CHARGES ANY FEES FROM (9.01), (9.02), (9.03), (9.04) and (9.05). | C17: HAS FEES | D17: 1
C18: NO FEES AT ALL | D18: 2 | E18: ► | F18: =A62 -> -9.14
A19: =A17-0.01 -> -9.09 | B19: Who was involved in setting the fees? | C19: a. Health facility manager/ in charge
C20: b. Health facility staff
B21: INTERVIEWER: READ ALL OPTIONS ALOUD. FOR EACH OPTION, RECORD "1" FOR YES OR "2" FOR NO. | C21: c. Non Governmental Organization staff
C22: d. Ministry of Health and Social Welfare (Headquarters)
C23: e. VDC Chairmanr
C24: f. Community Health Workers
C25: g. Community members
C26: h. RHT Health Committee
C27: i. Other, specify:
A28: =A19-0.01 -> -9.1 | B28: In the last 3 months, where did the facility direct revenue from user fees? | C28: a. Facility infrastructure
C29: b. Facility equipment and supplies
C30: c. Drugs
C31: d. Facility programs
B32: INTERVIEWER: READ ALL OPTIONS ALOUD. FOR EACH OPTION, RECORD "1" FOR YES OR "2" FOR NO. | C32: e. Use in community
C33: f. Sent back to managing agency
C34: g. Staff salaries
C35: h. Staff performance bonuses
C36: i. Sent back to central government
C37: j. Sent back to decentralized government
C38: k. Other, specify:
A39: =A28-0.01 -> -9.11 | B39: Are any of the following individuals exempt from paying fees? | C39: a. Widows
C40: b. Children under 5
C41: c. Elderly (above 65 years)
C42: d. Orphans
C43: e. Tuberculosis patients
B44: INTERVIEWER: READ ALL OPTIONS ALOUD. FOR EACH OPTION, RECORD "1" FOR YES OR "2" FOR NO. | C44: f. HIV/AIDS patients
C45: g. Extreme poor
C46: h. Physically disabled persons
C47: i. Military personnel
C48: j. Pregnant women
C49: k. Refugees
C50: l. Other, specify:
A51: =A39-0.01 -> -9.12 | B51: Who decides which patients are exempt from paying fees? | C51: a. Health facility manager/ in charge
C52: b. Health facility staff
C53: c. Non Governmental Organization staff
C54: d. Ministry of Health (Headquarters)
B55: INTERVIEWER: READ ALL OPTIONS ALOUD. FOR EACH OPTION, RECORD "1" FOR YES OR "2" FOR NO. | C55: e. Community Health Worker Cooperative president / leader
C56: f. Community Health Workers
C57: g. Community members
C58: h. Health Committee
C59: i. Other, specify:
A60: =A51-0.01 -> -9.13 | B60: Do exempt patients receive a special exemption card that allows them to receive services for free? | C60: YES | F60: 1
C61: NO | F61: 2
A62: =A60-0.01 -> -9.14 | B62: Does this facility participate in a health insurance scheme? | C62: YES | D62: 1
C63: NO | D63: 2 | E63: ► | F63: ='10Leadership'!A9 -> -10.01
A64: =A62-0.01 -> -9.15 | B64: What type of health insurance? | C64: Public | D64: 1
C65: Private | D65: 2
C66: Both | D66: 3
A67: =A64-0.01 -> -9.16 | B67: What services are covered under the health insurance scheme? | C67: a. Routine well baby visits (Including vaccination)
C68: b. Sick child care
B69: INTERVIEWER: READ ALL OPTIONS ALOUD. FOR EACH OPTION, RECORD "1" FOR YES OR "2" FOR NO. | C69: c. Adult outpatient care
C70: d. Antenatal care for pregnant women
C71: e. Delivery care for pregnant women
C72: f. Post partum care for women and newborns
C73: g. Hospital admission and inpatient care
C74: h. Other, specify:
A75: =A67-0.01 -> -9.17 | B75: Where are the funds collected through the insurance scheme allocated by the facility? | C75: a. Facility infrastructure
C76: b. Facility equipment and supplies
B77: INTERVIEWER: READ ALL OPTIONS ALOUD. FOR EACH OPTION, RECORD "1" FOR YES OR "2" FOR NO. | C77: c. Drugs
C78: d. Facility programs
C79: e. Use in community
C80: f. Sent back to managing agency
C81: g. Staff salaries
C82: h. Staff performance bonuses
C83: i. Sent back to central government
C84: j. Sent back to decentralized government
C85: k. Other, specify:

Sheet 10Leadership
A1: =-10 -> -10 | B1: Leadership
A2: RESPONDENT: HEAD OF THE HEALTH FACILITY ONLY
A4: ID CODE OF THE RESPONDENT FROM THE STAFF ROSTER
A6: In this part of the questionnaire, I would like to know what you would do in certain situations regarding the facility. I will read you a series of scenarios. For each scenario, I will read 4 possible responses that you might have. Please select the response that most closely matches what you would do in this specific situation. You can only select one response for each scenario. There are no correct or incorrect answers - we just want to know how you would approach each situation.
A7: INTERVIEWER: EACH RESPONSE IS CODED BETWEEN 1 AND 4. RECORD APPROPRIATE CODE ACCORDING TO RESPONDENT'S RESPONSE.
B8: SCENARIOS | C8: 1 | D8: 2 | E8: 3 | F8: 4 | G8: RECORD RESPONSE (RANGE 1-4)
A9: =A1-0.01 -> -10.01 | B9: Scenario 1: The performance of your staff is improving. | C9: You stress their responsibilities and standards. | D9: You take no particular additional action. | E9: You give positive feedback and make staff feel involved in the achievements. | F9: You emphasize the importance of deadlines and tasks.
A10: =A9-0.01 -> -10.02 | B10: Scenario 2: Members of your staff have been unable to solve a problem over the past month, though they have been trying to address it. | C10: You call a meeting and together try to solve the problem. | D10: You let your staff address this problem on their own. | E10: You give them direction and instructions on how to solve the problem. | F10: You encourage the group to solve the problem on their own, and you are available when needed to discuss.
A11: =A10-0.01 -> -10.03 | B11: Scenario 3: You are considering a major change in how things are done in the facility. | C11: You collaborate with your staff to develop the needed changes. | D11: You announce your vision for the changes and implement a clear plan. | E11: You ask your staff to develop and implement their own plan for change. | F11: You consult with your staff, but direct the changes yourself.
A12: =A11-0.01 -> -10.04 | B12: Scenario 4: The performance of your staff has been falling in recent months. | C12: You ask your staff to rethink their direction and goals and come up with a plan together. | D12: You ask for suggestions from your staff on what to do, and you formulate a specific plan to meet objectives. | E12: You redefine goals clearly and supervise whether these are being met closely. | F12: You allow your staff freedom to set their own goals and do not push them.
A13: =A12-0.01 -> -10.05 | B13: Scenario 5: Your staff are no longer working together as an effective team. | C13: You discuss ideas as a group and identify how to work better together. | D13: You let your staff work out their issues on their own. | E13: You act quickly and decisively to get the team back on track. | F13: You make yourself available to discuss any issues and support your team to work out their own problems.

Sheet 11Flexibility
A1: =-11 -> -11 | B1: FLEXIBILITY
A2: RESPONDENT: HEAD OF THE HEALTH FACILITY ONLY
A4: ID CODE OF THE RESPONDENT FROM THE STAFF ROSTER
A6: In this part of the questionnaire I would like to ask you some questions regarding how work is organized and decisions are made in this facility. All answers are confidential.
A7: I am now going to read you a series of statements about decision-making and authority in this facility. Please telll me whether you feel these are true most of the time, more than half of the time, less than half of the time, rarely or never. | I7: `
D9: RESPONSE CODE
D10: MOST OF THE TIME | G10: 1
D11: MORE THAN HALF OF THE TIME | G11: 2 | H11: RECORD RESPONSE
D12: LESS THAN HALF OF THE TIME | G12: 3
D13: ONLY RARELY | G13: 4
D14: NEVER | G14: 5
B15: INTERVIEWER CONFIRM:IS HEAD OF FACILITY AVAILABLE FOR THIS INTERVEIW? | E15: YES | F15: ► | G15: =A18 -> -11.01
E16: NO | F16: ► | G16: ='12DO'!A4 -> -12.01
A18: =A1-0.01 -> -11.01 | B18: I am able to allocate my facility budget according to how it is needed. There is enough flexibility in my budget.
A19: =A18-0.01 -> -11.02 | B19: I am able to assign tasks and activities to staff as needed to achieve the outcomes I want in the facility. There is enough flexibility to use staff to address needs. | C19: 1 | D19: 2 | E19: 3 | F19: 4 | G19: 5
A20: =A19-0.01 -> -11.03 | B20: The Regional Health Management Team supports my decisions and actions for doing a better job in my facility. | C20: 1 | D20: 2 | E20: 3 | F20: 4 | G20: 5
A21: =A20-0.01 -> -11.04 | B21: I have choice over who I allocate for what tasks. | C21: 1 | D21: 2 | E21: 3 | F21: 4 | G21: 5
A22: =A21-0.01 -> -11.05 | B22: I have choice over what services are provided in the facility. | C22: 1 | D22: 2 | E22: 3 | F22: 4 | G22: 5
A23: =A22-0.01 -> -11.06 | B23: I have enough authority to obtain the resources I need (drugs, supplies, funding) to meet the needs of my facility. | C23: 1 | D23: 2 | E23: 3 | F23: 4 | G23: 5
A24: =A23-0.01 -> -11.07 | B24: The policies and procedures for doing things are clear to me. | C24: 1 | D24: 2 | E24: 3 | F24: 4 | G24: 5
A25: =A24-0.01 -> -11.08 | B25: The policies and procedures for doing things are useful tools for the challenges I face in providing services and reporting on activities. | C25: 1 | D25: 2 | E25: 3 | F25: 4 | G25: 5
A26: =A25-0.01 -> -11.09 | B26: The Regional Health Management Team provides adequate feedback to me about my job and the performance of my facility. | C26: 1 | D26: 2 | E26: 3 | F26: 4 | G26: 5

Sheet 12DO
A1: =-12 -> -12 | B1: Direct Observation
A2: INTERVIEWER: THERE IS NO RESPONDENT FOR THIS SECTION OF THE QUESTIONNAIRE. AFTER SEEKING PERMISSION, YOU SHOULD WALK AROUND THE FACILITY AND OBSERVE THE ITEMS OUTLINED IN THIS SECTION.
A3: (A) | B3: General
A4: =A1-0.01 -> -12.01 | B4: Is there a reception/registration room in this facility? INTERVIEWER: CONFIRM WITH DIRECT OBSERVATION. | C4: YES | E4: 1
C5: NO | E5: 2
A6: =A4-0.01 -> -12.02 | B6: Is there a waiting room in this facility? INTERVIEWER: CONFIRM WITH DIRECT OBSERVATION. | C6: YES | E6: 1
C7: NO | E7: 2
A8: =A6-0.01 -> -12.03 | B8: Is there a separate waiting room for women in this facility? INTERVIEWER: CONFIRM WITH DIRECT OBSERVATION. | C8: YES | E8: 1
C9: NO | E9: 2
A10: =A8-0.01 -> -12.04 | B10: Is there a room with auditory and visual privacy for patient consultations in this facility? INTERVIEWER: CONFIRM WITH DIRECT OBSERVATION. | C10: YES | E10: 1
C11: NO | E11: 2
A12: =A10-0.01 -> -12.05 | B12: Is there a minor surgery theater in this facility? INTERVIEWER: CONFIRM WITH DIRECT OBSERVATION. | C12: YES | E12: 1
C13: NO | E13: 2
A14: =A12-0.01 -> -12.06 | B14: Are there observation beds in this facility? INTERVIEWER: CONFIRM WITH DIRECT OBSERVATION. | C14: YES | E14: 1
C15: NO | E15: 2 | F15: ► | G15: =A34 -> -12.17
A16: =A14-0.01 -> -12.07 | B16: INTERVIEWER: RECORD HOW MANY OBSERVATION BEDS ARE PRESENT. IF ZERO, RECORD "0".
A18: =A16-0.01 -> -12.08 | B18: Are there separate wards for men and women in this facility? INTERVIEWER: CONFIRM WITH DIRECT OBSERVATION. | C18: YES | E18: 1
C19: NO | E19: 2 | F19: ► | G19: =A34 -> -12.17
A20: =A18-0.01 -> -12.09 | B20: Number of beds for Men. INTERVIEWER: CONFIRM WITH DIRECT OBSERVATION.
A21: =A20-0.01 -> -12.1 | B21: Number of beds for Women. INTERVIEWER: CONFIRM WITH DIRECT OBSERVATION.
A22: =A21-0.01 -> -12.11 | B22: Is there a separate ward for women waiting to deliver? | C22: YES | E22: 1
C23: NO | E23: 2 | F23: ► | G23: =A26 -> -12.13
A24: =A22-0.01 -> -12.12 | B24: INTERVIEWER: RECORD HOW MANY OBSERVATION BEDS ARE PRESENT. IF ZERO, RECORD "0".
A26: =A24-0.01 -> -12.13 | B26: Is there a separate ward for women and infancts after giving birth? | C26: YES | E26: 1
C27: NO | E27: 2 | F27: ► | G27: =A30 -> -12.15
A28: =A26-0.01 -> -12.14 | B28: INTERVIEWER: RECORD HOW MANY OBSERVATION BEDS ARE PRESENT. IF ZERO, RECORD "0".
A30: =A28-0.01 -> -12.15 | B30: Is there a separate ward for children? | C30: YES | E30: 1
C31: NO | E31: 2 | F31: ► | G31: =A34 -> -12.17
A32: =A30-0.01 -> -12.16 | B32: INTERVIEWER: RECORD HOW MANY OBSERVATION BEDS ARE PRESENT. IF ZERO, RECORD "0".
A34: =A32-0.01 -> -12.17 | B34: Is a functional toilet facility available for patients? INTERVIEWER: CONFIRM WITH DIRECT OBSERVATION. | C34: YES | E34: 1
C35: NO | E35: 2
A36: =A34-0.01 -> -12.18 | B36: Are there separate toilet facilities for male and female patients? INTERVIEWER: CONFIRM WITH DIRECT OBSERVATION. | C36: YES | E36: 1
C37: NO | E37: 2
A38: =A36-0.01 -> -12.19 | B38: Does the facility have accommodations for health workers who are on-call during non-routine hours, e.g. night shift? INTERVIEWER: CONFIRM WITH DIRECT OBSERVATION. | C38: YES | E38: 1
C39: NO | E39: 2
A40: (B) | B40: Posting of User Fees
A41: =A38-0.01 -> -12.2 | B41: Is there any posting in the facility that shows the user fees for outpatient visits? INTERVIEWER: IF YES, LOOK FOR POSTING IN FACILITY. | C41: YES, SEEN | E41: 1
C42: YES, NOT SEEN | E42: 2
C43: NO | E43: 3
A44: =A41-0.01 -> -12.21 | B44: Is there any posting in the facility that shows laboratory fees for outpatients? INTERVIEWER: IF YES, LOOK FOR POSTING IN FACILITY. | C44: YES, PUBLICLY POSTED | E44: 1
C45: YES, NOT POSTED | E45: 2
C46: NO, NOT POSTED | E46: 3
A47: =A44-0.01 -> -12.22 | B47: Is there any posting in the facility that shows X-ray fees for outpatients? INTERVIEWER: IF YES, LOOK FOR POSTING IN FACILITY. | C47: YES, PUBLICLY POSTED | E47: 1
C48: YES, NOT POSTED | E48: 2
C49: NO, NOT POSTED | E49: 3
A50: =A47-0.01 -> -12.23 | B50: Is there any posting in the facility that shows supplies fees for outpatients? INTERVIEWER: IF YES, LOOK FOR POSTING IN FACILITY. | C50: YES, PUBLICLY POSTED | E50: 1
C51: YES, NOT POSTED | E51: 2
C52: NO, NOT POSTED | E52: 3
A53: =A50-0.01 -> -12.24 | B53: Is there any posting in the facility that shows the user fees for inpatient visits? INTERVIEWER: IF YES, LOOK FOR POSTING IN FACILITY. | C53: YES, SEEN | E53: 1
C54: YES, NOT SEEN | E54: 2
C55: NO, NOT POSTED | E55: 3
C56: NOT APPLICABLE, NO X-RAYS | E56: 98
A57: =A53-0.01 -> -12.25 | B57: Is there any posting in the facility that shows laboratory fees for inpatients? INTERVIEWER: IF YES, LOOK FOR POSTING IN FACILITY. | C57: YES, PUBLICLY POSTED | E57: 1
C58: YES, NOT POSTED | E58: 2
C59: NO, NOT POSTED | E59: 3
A60: =A57-0.01 -> -12.26 | B60: Is there any posting in the facility that shows X-ray fees for inpatients? INTERVIEWER: IF YES, LOOK FOR POSTING IN FACILITY. | C60: YES, PUBLICLY POSTED | E60: 1
C61: YES, NOT POSTED | E61: 2
C62: NO, NOT POSTED | E62: 3
A63: =A60-0.01 -> -12.27 | B63: Is there any posting in the facility that shows supplies fees for inpatients? INTERVIEWER: IF YES, LOOK FOR POSTING IN FACILITY. | C63: YES, PUBLICLY POSTED | E63: 1
C64: YES, NOT POSTED | E64: 2
C65: NO, NOT POSTED | E65: 3
A66: =A50-0.05 -> -12.28 | B66: Is any of the following posted publicly for patients to see? | C66: a. | D66: Inpatient capacity (Number of beds)
B67: INTERVIEWER: FOR EACH DOCUMENT, ASK TO SEE THE DOCUMENTS POSTED AND RECORD ACCORDING TO THE FOLLOWING CODES: | C67: b. | D67: Service days/hours
C68: c. | D68: Staff rotation
B69: YES AND SEEN………….1 | C69: d. | D69: Management contact
B70: YES, NOT SEEN……...…2 | C70: e. | D70: Complaints and suggestions handling policy
B71: NO…………………………..3 | C71: f. | D71: Other, specify:
A72: (C) | B72: National Protocols
A73: INTERVIEWER: ASK THE FACILITY HEAD OR BEST INFORMED STAFF MEMBER TO SEE THE CLINICAL CARE PROTOCOLS. FOR EACH OF THE FOLLOWING, RECORD IF YOU HAVE SEEN OR NOT SEEN THE PROTOCOL / GUIDELINES / MATERIALS.
A74: =A66-0.01 -> -12.29 | B74: Patient education materials (Information and Education Campaign materials) | C74: SEEN | E74: 1
C75: NOT SEEN | E75: 2
A76: =A74-0.01 -> -12.3 | B76: Integrated Management of Neonatal Childhood Illness (IMNCI) chart booklet or wall chart | C76: SEEN | E76: 1
C77: NOT SEEN | E77: 2
A78: =A76-0.01 -> -12.31 | B78: Graphs for growth monitoring | C78: SEEN | E78: 1
C79: NOT SEEN | E79: 2
A80: =A78-0.01 -> -12.32 | B80: National protocol for tuberculosis diagnosis and treatment | C80: SEEN | E80: 1
C81: NOT SEEN | E81: 2
A82: =A80-0.01 -> -12.33 | B82: Health Management Information System (HMIS) guidelines | C82: SEEN | E82: 1
C83: NOT SEEN | E83: 2
A84: =A82-0.01 -> -12.34 | B84: Health Management Information System (HMIS) Data | C84: SEEN | E84: 1
C85: NOT SEEN | E85: 2
A86: =A84-0.01 -> -12.35 | B86: National Protocol for malaria diagnosis and treatment (not part of IMCI) | C86: SEEN | E86: 1
C87: NOT SEEN | E87: 2
A88: =A86-0.01 -> -12.36 | B88: National protocol for child vaccination | C88: SEEN | E88: 1
C89: NOT SEEN | E89: 2
A90: =A88-0.01 -> -12.37 | B90: National protocol for reproductive health/family planning | C90: SEEN | E90: 1
C91: NOT SEEN | E91: 2
A92: =A90-0.01 -> -12.38 | B92: National protocol for reducing unsafe abortion morbidity/mortality | C92: SEEN | E92: 1
C93: NOT SEEN | E93: 2
A94: =A92-0.01 -> -12.39 | B94: Antenatal Care National Standards | C94: SEEN | E94: 1
C95: NOT SEEN | E95: 2
A96: =A94-0.01 -> -12.4 | B96: Labor and Delivery Care | C96: SEEN | E96: 1
C97: NOT SEEN | E97: 2
A98: =A96-0.01 -> -12.41 | B98: Newborn Care National Standards | C98: SEEN | E98: 1
C99: NOT SEEN | E99: 2
A100: =A98-0.01 -> -12.42 | B100: Post-Partum Care National Standards | C100: SEEN | E100: 1
C101: NOT SEEN | E101: 2
A102: =A100-0.01 -> -12.43 | B102: Procedures Manual for Infection Prevention and Control | C102: SEEN | E102: 1
C103: NOT SEEN | E103: 2
A104: =A102-0.01 -> -12.44 | B104: Management of Sexually Transmitted Infections (STI) guidelines | C104: SEEN | E104: 1
...

Sheet 13DOEquipment
A1: =-13 -> -13 | B1: Equipment (Direct Observation)
A2: INTERVIEWER: THERE IS NO RESPONDENT FOR THIS SECTION OF THE QUESTIONNAIRE. AFTER SEEKING PERMISSION, YOU SHOULD WALK AROUND THE FACILITY AND OBSERVE THE ITEMS OUTLINED IN THIS SECTION.
B3: General equipment | G3: RECORD RESPONSE
A4: =A1-0.01 -> -13.01 | B4: Where is the outpatient equipment located? | C4: Separate outpatient room | F4: 1
C5: Room that is also used for other activities | F5: 2
C6: Other, specify: | F6: 96
A7: =A4-0.01 -> -13.02 | B7: PLEASE RECORD THE QUANTITY FOR EACH TYPE OF EQUIPMENT. RECORD 98 IF NOT FUNCTIONING OR NOT AVAILABLE | G7: QUANTITY AVAILABLE AND FUNCTIONING
A8: a. | B8: Timer or clock with seconds hand
A9: b. | B9: Children’s (Salter) hanging scale
A10: c. | B10: Height measure
A11: d. | B11: Tape measure
A12: e. | B12: Adult weighing scale
A13: f. | B13: Blood pressure instrument
A14: g. | B14: Thermometer
A15: h. | B15: Stethoscope
A16: i. | B16: Fetoscope
A17: j. | B17: Otoscope
A18: k. | B18: Suction/aspirating device
A19: l. | B19: Vision chart
... A31: x. | B31: Antiseptic liquid
A32: Sterilizing Equipment | G32: RECORD RESPONSE
A33: =A7-0.01 -> -13.03 | B33: Where is the sterilization equipment located? | C33: Separate sterilization room | F33: 1
C34: Room that is also used for other activities | F34: 2
C35: Other, specify: | F35: 96
A36: =A33-0.01 -> -13.04 | B36: PLEASE RECORD THE QUANTITY FOR EACH TYPE OF EQUIPMENT. RECORD 98 IF NOT FUNCTIONING OR NOT AVAILABLE. | G36: QUANTITY AVAILABLE AND FUNCTIONING
A37: a. | B37: Electric autoclave (pressure and wet heat)
A38: b. | B38: Automatic timer (MAY BE ON EQUIPMENT)
A39: c. | B39: Time, Steam and Temperature (TST) Indicator strips or other sterilization indicators
A40: Vaccination Equipment | G40: RECORD RESPONSE
A41: =A36-0.01 -> -13.05 | B41: Where is the vaccination equipment located? (VACCINATION EQUIPMENT: VACCINE FRIDGE PARRAFIN OR ELECTRIC, COLD BOX, VACCINE CARRIERS) | C41: Separate vaccination room | F41: 1
C42: Room that is also used for other activities | F42: 2
C43: Other, specify: | F43: 96
A44: =A41-0.01 -> -13.06 | B44: PLEASE RECORD THE QUANTITY FOR EACH TYPE OF EQUIPMENT. RECORD 98 IF NOT FUNCTIONING OR NOT AVAILABLE | G44: QUANTITY AVAILABLE AND FUNCTIONING
A45: a. | B45: Vaccine thermometer
A46: b. | B46: Cold box / Vaccine carrier
A47: c. | B47: Ice packs
A48: d. | B48: Refrigerator
A49: Antenatal Care Equipment | G49: RECORD RESPONSE
A50: =A44-0.01 -> -13.07 | B50: Where is the antenatal care equipment located? (ANTENATAL CARE EQUIPMENT: FETOSCOPE, BLOOD PRESSURE INSTRUMENT, TAPE MEASURE, ADULT WEIGHING SCALE) | C50: Separate antenatal care room | F50: 1
C51: Room that is also used for other activities | F51: 2
C52: Other, specify: | F52: 96
A53: =A50-0.01 -> -13.08 | B53: PLEASE RECORD THE QUANTITY FOR EACH TYPE OF EQUIPMENT. RECORD 98 IF NOT FUNCTIONING OR NOT AVAILABLE | G53: QUANTITY AVAILABLE AND FUNCTIONING
A54: a. | B54: Examination table/bed
A55: b. | B55: Fetoscope
A56: c. | B56: Blood pressure instrument
A57: d. | B57: Tape measure
A58: e. | B58: Adult weighing scale
A59: Delivery and Neonatal Equipment | G59: RECORD RESPONSE
A60: =A53-0.01 -> -13.09 | B60: Where is the delivery and neonatal equipment located? | C60: Separate delivery/neonatal care room | F60: 1
C61: Room that is also used for other activities | F61: 2
C62: Other, specify: | F62: 96
A63: =A60-0.01 -> -13.1 | B63: PLEASE RECORD THE QUANTITY FOR EACH TYPE OF EQUIPMENT. RECORD 98 IF NOT FUNCTIONING OR NOT AVAILABLE | G63: QUANTITY AVAILABLE AND FUNCTIONING
A64: a. | B64: Delivery table/bed
A65: b. | B65: Partograph
A66: c. | B66: Delivery light
A67: d. | B67: Aspirator/suction bulb
A68: e. | B68: Resuscitation bag, newborn
A69: f. | B69: Eye drops or ointment for newborn
A70: g. | B70: Needles
A71: h. | B71: Intravenous tubing/administration sets
A72: i. | B72: Intravenous solutions, including normal saline and ringer lactate
A73: j. | B73: Intravenous needles or cannulas
A74: k. | B74: Scissors
A75: l. | B75: Umbilical cord clamp or sterile tape or sterile tie
... A113: ax. | B113: Newborn resuscitation kit

Sheet 14DODrugs
A1: =-14 -> -14 | B1: Drug and Vaccine Storage and Availability
A2: RESPONDENT: PHARMACIST, HEAD OF THE FACILITY OR BEST INFORMED STAFF MEMBER.
A3: Now I would like to ask you some questions about drug storage and availability in this facility.
A4: =A1-0.01 -> -14.01 | B4: Do the following entities have the authority to procure drugs and equipment for this facility, ….? | C4: a. | D4: Health facility manager/ in charge
C5: b. | D5: Health facility staff
B6: INTERVIEWER: READ ALL OPTIONS ALOUD. FOR EACH OPTION, RECORD "1" IF YES, "2" IF NO. | C6: c. | D6: Non Governmental Organization staff
C7: d. | D7: Local government
C8: e. | D8: National government
C9: f. | D9: Community Health Worker Cooperative president / leader
C10: g. | D10: Community Health Workers
C11: h. | D11: Community members
C12: i. | D12: Health Committee
C13: j. | D13: Other, specify:
A14: =A4-0.01 -> -14.02 | B14: Could you bring me to the place in this facility that is used to store drugs? | C14: YES, SEEN | E14: 1
C15: YES, NOT SEEN | E15: 2
C16: NO, THERE IS NO SUCH PLACE | E16: 3
A17: =A14-0.01 -> -14.03 | B17: INTERVIEWER: IS THIS A SEPARATE ROOM FROM THE REST OF THE FACILITY? | C17: YES | G17: 1
C18: NO | G18: 2
A19: =A17-0.01 -> -14.04 | B19: Does this pharmacy serve only to store and dispense drugs, or does it also serve for other purposes? | C19: Only to store and dispense drugs | G19: 1
C20: Also serves for other purposes | G20: 2
A21: =A19-0.01 -> -14.05 | B21: Can the doors and windows be locked to keep the pharmacy secured? | C21: YES | G21: 1
C22: NO | G22: 2
A23: =A21-0.01 -> -14.06 | B23: INTERVIEWER: DOES THE DRUG AREA LOOK CLEAN, PARTIALLY DIRTY, OR DIRTY? | C23: CLEAN | G23: 1
C24: PARTIALLY DIRTY | G24: 2
C25: DIRTY | G25: 3
A26: =A23-0.01 -> -14.07 | B26: INTERVIEWER: DO THE CEILING, WALLS, FLOORS AND WINDOWS LOOK DRY AND FREE FROM TRACES OF WATER INFILTRATION? | C26: DRY, NO TRACES OF WATER INFILTRATION | G26: 1
C27: DRY BUT THERE ARE TRACES OF WATER INFILTRATION | G27: 2
C28: THERE IS WETNESS / WATER | G28: 3
A29: =A26-0.01 -> -14.08 | B29: INTERVIEWER: ARE THE WINDOWS COVERED TO KEEP THE SUNLIGHT OUT? | C29: WINDOWS COVERED | G29: 1
C30: WINDOWS NOT COVERED | G30: 2
C31: NO WINDOWS | G31: 3
A32: =A29-0.01 -> -14.09 | B32: INTERVIEWER: ARE THE DRUGS KEPT ON AN ELEVATED PLATFORM? | C32: YES | G32: 1
C33: NO | G33: 2
A34: =A32-0.01 -> -14.1 | B34: Does the pharmacy maintain stock cards or stock register? INTERVIEWER: IF YES, ASK TO SEE CARDS/REGISTER. | C34: YES, SEEN | G34: 1
C35: YES, NOT SEEN | G35: 2
C36: NO | G36: 3
A37: ="FOR EACH DRUG, ASK QUESTIONS "& TEXT(-C38,"(0.00)") & " THROUGH " & TEXT(-H38,"(0.00)") -> FOR EACH DRUG, ASK QUESTIONS (14.11) THROUGH (14.15)
C38: =A34-0.01 -> -14.11 | D38: =C38-0.01 -> -14.12 | E38: =D38-0.01 -> -14.13 | F38: =E38-0.01 -> -14.14 | H38: =F38-0.01 -> -14.15
C39: What is the strength of [DRUGS] that is stocked? INTERVIIEWER RECORD "98" IFNONE | D39: How much do you charge to patients for one dose of [DRUGS] in Dalasi? | E39: What quantity of [DRUGS] are available at this time? | F39: In the past 30 days, has the item been out of stock at any time? | H39: In the past 30 days, how many days has the item been out of stock?
E40: ="IF NONE, RECORD 00 and ► "&TEXT(-H38,"(0.00)") -> IF NONE, RECORD 00 and ► (14.15) | F40: YES | G40: 1
F41: NO | G41: 2
C42: IF 98 ►NEXT DRUG | F42: ►NEXT DRUG
A43: General Drugs
A44: a. | B44: Tetracycline ophthalmic ointment
A45: b. | B45: Paracetamol (Panadol) tabs | C45: _____ mg
A46: c. | B46: Amoxicillin (tabs or capsule) | C46: _____ mg
A47: d. | B47: Amoxicillin (syrup)
A48: e. | B48: Oral Rehydration Solution (ORS) packets | C48: 1 packet
A49: f. | B49: Iron tabs (with or without folic acid) | C49: 1 tab
A50: g. | B50: Folic acid tabs | C50: 1 tab
A51: h. | B51: Other antibiotics besides Amoxicillin | C51: _____ mg
A52: i. | B52: Vitamin A | C52: 1 capsule
A53: j. | B53: Mebendazole | C53: _____ mg
A54: Family Planning
A55: k. | B55: Male comdoms SEPERATED MALE AND FEMALE | C55: 1 unit
A56: l. | B56: Female Condoms | C56: 1 unit
A57: m. | B57: Oral contraceptive tablets | C57: 28 day supply
A58: n. | B58: Depot Medroxyprogesterone Acetate (DMPA) | C58: 1 unit
A59: o. | B59: Implant - Jadelle | C59: 1 unit
A60: p | B60: Intrauterine Contraceptive Device (IUCD) | C60: 1 unit
A61: Malaria
A62: q. | B62: Coartem | C62: 1 tab
A63: r | B63: Fansidar | C63: 1 tab
A64: Tuberculosis
A65: t. | B65: Rifampin | C65: _____ mg
A66: u. | B66: Streptomycin | C66: _____ mg
A67: v. | B67: Isoniazid (INH) | C67: _____ mg
A68: w. | B68: Pyrazinamide | C68: _____ mg
A69: x. | B69: Ethambutal | C69: _____ mg
A70: y. | B70: Combitabs (Multidrug tabs) | C70: 1 tab
A71: z. | B71: Diagnostic kits | C71: 1 kit
A72: Emergency Obstetric Care
A73: aa | B73: Magnesium Sulfate
A74: ab | B74: Diazepam Injection
A75: ac | B75: Misoprostol
A76: ad | B76: Oxytocin
A77: Vaccines
A78: ae | B78: Bacille Calmette-Guérin (BCG) | C78: 1 dose
A79: af | B79: Oral Polio Vaccine (OPV) | C79: 1 dose
A80: ag | B80: Tetanus Toxoid (TT) | C80: 1 dose
A81: ah | B81: Measles vaccine
A82: ai | B82: Pentavalent (DPT, Hepatitis B, Hemophilus influenzae B)
A83: aj | B83: Rotavirus Vaccine | C83: 1 dose
A84: ak | B84: Pneumococcal Vaccine | C84: 1 dose
A85: Diagnostic kits
A86: al | B86: Malaria rapid diagnostic kit | C86: 1 unit
A87: am | B87: HIV test kit | C87: 1 unit
A88: an | B88: Pregnancy testing kit | C88: 1 unit
A89: ao | B89: Rapid plasma reagin (RPR) test for syphilis | C89: 1 unit
A90: ap | B90: Urine protein & glucose testing kit (dipstick test) | C90: 1 unit
A91: =H38-0.01 -> -14.16 | B91: What do you do when this facility runs out of key drugs like Coartem, Amoxycillin etc.? | C91: a. | D91: INFORM FACILITY INCHARGE
C92: b. | D92: CALL THE DISTRICT DRUG STORE/PHARMACY
C93: c. | D93: CALL DHMT
C94: d. | D94: BUY MEDICINES LOCALLY IN THE PRIVATE MARKET
B95: INTERVIEWER: DO NOT READ OPTIONS ALOUD. FOR EACH OPTION, RECORD "1" IF YES, "2" IF NO. | C95: e. | D95: SEND PATIENTS TO BUY THE MEDICINE IN THE PRIVATE MARKET
C96: f. | D96: GO TO THE CAPITAL TO BUY MEDICINES
C97: g. | D97: OTHER, SPECIFY:
